 Dungeon Crawl Stone Soup version 0.30-a0-457-g4b7bca3bfa (webtiles) character file.

Game seed: 11322837459258556691

368 avis the Chiller (level 6, -8/51 HPs)
             Began as a Demigod Ice Elementalist on Dec 13, 2022.
             Mangled by a gnoll
             ... wielding a +0 flail
             ... led by a gnoll bouda
              (9 damage)
             ... on level 3 of the Dungeon.
             The game lasted 00:22:36 (2538 turns).

avis the Chiller (Demigod Ice Elementalist)         Turns: 2538, Time: 00:22:37

Health: -8/51      AC: 12    Str:  9    XL:     6   Next: 17%
Magic:  7/13       EV: 13    Int: 17    God:
Gold:   215        SH:  5    Dex: 30    Spells: 4/11 levels left

rFire   . . .      SeeInvis .    a - +2 rapier of Harmony {holy, Will+ Dex+5}
rCold   . . .      Faith    .    s - +0 buckler
rNeg    . . .      Spirit   .    w - +0 robe
rPois   .          Reflect  .    (helmet restricted)
rElec   .          Harm     .    d - +1 cloak
rCorr   .          Rampage  .    l - +1 pair of gloves {Dex+3}
Will    +....                    (no boots)
Stlth   +++.......               (no amulet)
HPRegen 0.28/turn                (no ring)
MPRegen 0.13/turn                (no ring)

@: ice-armoured, freezing walls, flying, hasted, studying Staves, very quick
A: high MP 1, forlorn, divine attributes, hooves 1, horns 1, mutation resistance
1
a: no special abilities


You were on level 3 of the Dungeon.
You visited 1 branch of the dungeon, and saw 4 of its levels.

You collected 215 gold pieces.

Inventory:

Hand Weapons
 a - the +2 rapier of Harmony (weapon) {holy, Will+ Dex+5}
   (You found it on level 3 of the Dungeon)

   It has been blessed by the Shining One to cause great damage to the undead
   and demons.
   Dex:       It affects your dexterity (+5).
   Will:      It increases your willpower.
 b - a +4 spear
 k - a +0 dagger
 r - a +0 short sword of draining
Missiles
 c - 4 atropa-tipped darts (quivered)
 v - 3 boomerangs
Armour
 d - a +1 cloak (worn)
 l - a +1 pair of gloves of dexterity (worn)
 s - a +0 buckler (worn)
 w - a +0 robe (worn)
Jewellery
 x - a ring of see invisible
Scrolls
 h - 2 scrolls of teleportation {unknown}
 i - a scroll of vulnerability {unknown}
 m - a scroll of enchant weapon {unknown}
 n - 4 scrolls of identify {unknown}
 p - a scroll of fear {unknown}
 q - 4 scrolls of magic mapping {unknown}
 t - a scroll of poison {unknown}
 y - 3 scrolls of blinking {unknown}
Potions
 j - a potion of magic
 o - a potion of ambrosia {unknown}
 u - a potion of curing {unknown}


   Skills:
 - Level 3.0 Fighting
 - Level 2.0 Dodging
 - Level 2.0 Stealth
 - Level 3.0 Spellcasting
 * Level 5.5 Ice Magic


You had 4 spell levels left.
You knew the following spells:

 Your Spells              Type           Power      Damage    Failure   Level
a - Freeze                Ice            84%        1d9       2%          1
o - Ozocubu's Armour      Ice            21%        N/A       8%          3
r - Frozen Ramparts       Ice            42%        1d7       8%          3

Your spell library contained the following spells:

 Spells                   Type           Power      Damage    Failure   Level
 Ignite Poison            Fire/Tmut/Pois 2%         N/A       56%         3
 Kindle Blastsparks       Fire/Tloc/Air  4%         2d10      56%         3
 Summon Ice Beast         Ice/Summ       11%        N/A       58%         4
 Freezing Cloud           Conj/Ice/Air   4%         6-21      97%         5
 Fireball                 Conj/Fire      1%         3d3       100%        5
 Iskenderun's Battlesphe  Conj           2%         2d6       100%        5
 Conjure Ball Lightning   Conj/Air       1%         3x3d7     100%        6
 Orb of Destruction       Conj           1%         9d5       100%        7


Dungeon Overview and Level Annotations

Branches:
Dungeon (4/15)
 Temple: D:4-7

Shops:
D:2 !


Innate Abilities, Weirdness & Mutations

You have an increased reservoir of magic. (+10% MP)
You shall have no god before yourself.
Your divine heritage dramatically boosts your attributes as you level up.
You have large cloven feet.
You have a pair of small horns on your head.
You are somewhat resistant to further mutation.


Message History

You are frozen.
* * * LOW HITPOINT WARNING * * *
The wall freezes the gnoll.
The gnoll hits you with a +0 whip.
* * * LOW HITPOINT WARNING * * *
The wall freezes the giant cockroach.
You block the giant cockroach's attack.
The wall freezes the gnoll.
The gnoll hits you with a +0 flail.
* * * LOW HITPOINT WARNING * * *
The wall freezes the gnoll.
The gnoll closely misses you.
It was a potion of flight.
You feel very buoyant.
You fly up into the air.
The wall freezes the giant cockroach.
The giant cockroach barely misses you. The endoplasm closely misses you.
The wall freezes the gnoll.
You block the gnoll's attack.
The wall freezes the kobold.
You kill the kobold!
The wall freezes the gnoll but does no damage.
The gnoll hits you with a +0 flail.
* * * LOW HITPOINT WARNING * * *
The wall freezes the gnoll but does no damage.
The gnoll completely misses you.
It was a potion of mutation.
You feel extremely strange. A pair of horns grows on your head!
Your feet thicken and deform.
You feel genetically stable.
The wall freezes the giant cockroach but does no damage.
The giant cockroach bites you but does no damage.
The endoplasm freezes you.
You are frozen.
* * * LOW HITPOINT WARNING * * *
The wall freezes the gnoll.
The gnoll barely misses you.
The wall freezes the gnoll.
The gnoll closely misses you.
The wall freezes the gnoll.
The gnoll hits you but does no damage.
The wall freezes the giant cockroach.
You kill the giant cockroach!
It was a potion of haste.
You feel yourself speed up.
The endoplasm hits you but does no damage.
The wall freezes the gnoll.
The gnoll hits you but does no damage.
The wall freezes the gnoll.
You block the gnoll's attack.
The wall freezes the gnoll but does no damage.
The gnoll hits you with a +0 flail!
You die...

######............####...##.##...
# #........#####....###..)###. #
##.............####...⌠))... ###
#..<....#####....###...###.
..######..........####...##.##...
#..÷÷..##.....#.....####..#(#..##
######.####....#.......##.###.##.
.# #...##....)g########..#..#..
.# ###.......J@g.#######.#.###)
.# #.......†g#.#...###.#.# #. .##
#......##.#.......#...###. ..##
#......##.........##.###..
#..#####......####........#.#.#.#
......###.....# #........#.#.#(#
......# #.....# ##.......#.#...#
......###.....# ##...#..#.#.##.
..........###########........###.


You could see 3 gnolls and an endoplasm.

Vanquished Creatures
  A black bear (D:3)
  A bullfrog (D:3)
  A jelly (D:3)
  An orc priest (D:3)
  An orc wizard (D:3)
  5 adders
  A dart slug (D:3)
  4 orcs (D:3)
  4 ball pythons
  3 endoplasms
  5 giant cockroaches
  12 goblins
  8 hobgoblins
  6 jackals
  5 kobolds
  A quokka (D:2)
  5 bats
  7 frilled lizards
  2 rats (D:1)
73 creatures vanquished.

Notes
Turn   | Place    | Note
-------+----------+-------------------------------------------
     0 | D:1      | avis the Demigod Ice Elementalist began the quest for the
                  | Orb.
     0 | D:1      | Reached XP level 1. HP: 14/14 MP: 5/5
   323 | D:1      | Reached skill level 4 in Ice Magic
   566 | D:2      | Reached XP level 2. HP: 20/20 MP: 7/7
   754 | D:2      | Found Omabojo's Distillery.
   998 | D:2      | Reached skill level 1 in Fighting
   998 | D:2      | Reached XP level 3. HP: 27/28 MP: 4/9
  1002 | D:2      | Learned a level 3 spell: Frozen Ramparts
  1006 | D:2      | Learned a level 3 spell: Ozocubu's Armour
  1429 | D:3      | Noticed a bullfrog
  1443 | D:3      | Killed a bullfrog
  1444 | D:3      | Reached XP level 4. HP: 27/36 MP: 3/11
  1544 | D:3      | Noticed a black bear
  1572 | D:3      | Killed a black bear
  1573 | D:3      | Reached skill level 5 in Ice Magic
  1573 | D:3      | Reached XP level 5. HP: 39/42 MP: 2/12
  2041 | D:3      | Identified the +2 rapier of Harmony {holy, Will+ Dex+5}
  2123 | D:3      | Reached XP level 6. HP: 51/51 MP: 6/13
  2537 | D:3      | Gained mutation: You have a pair of small horns on your
                  | head. [potion of mutation]
  2537 | D:3      | Gained mutation: You have large cloven feet. [potion of
                  | mutation]
  2537 | D:3      | Gained mutation: You are somewhat resistant to further
                  | mutation. [potion of mutation]
  2537 | D:3      | HP: 1/51 [frozen (3)]
  2538 | D:3      | Mangled by a gnoll

Illustrated notes

Levels and vault maps discovered:
D:1:      dpeg_arrival_stone_temple_mockup, layout_rooms
D:2:      minmay_inner_zag, layout_rooms, serial_shops, shop
D:3:      minmay_general_purpose_star, layout_rooms,
          gammafunk_temple_overflow_elements,
          mainiacjoe_overflow_large_starburst
D:4:      layout_basic, mainiacjoe_overflow_24_doors, gammafunk_ghost_mausoleum,
          minmay_cupped

Skill      XL: |  1  2  3  4  5 |
---------------+----------------+-----
Ice Magic      | 4 5 |  5.5
Spellcasting   | 2 3 |  3.0
Fighting       | 1 2 3 |  3.0
Dodging        | 2 |  2.0
Stealth        | 2 |  2.0

Action                   |  1- 3 |  4- 6 || total
-------------------------+-------+-------++-------
Melee: Spear             |    37 |    15 ||    52
       Rapier            |       |    12 ||    12
Throw: Dart              |     7 |     6 ||    13
 Cast: Freeze            |    39 |     1 ||    40
       Frozen Ramparts   |     1 |    15 ||    16
       Ozocubu's Armour  |     1 |     8 ||     9
  Use: Potion            |       |     3 ||     3
 Stab: Sleeping          |    16 |     2 ||    18
       Distracted        |     2 |       ||     2
Armor: Robe              |     9 |    24 ||    33
Dodge: Dodged            |    16 |    41 ||    57
Block: Buckler           |       |     7 ||     7

Table legend: (Time is in decaauts)
 A = Elapsed time spent in this place.
 B = Non-inter-level travel time spent in this place.
 C = Inter-level travel time spent in this place.
 D = Time resting spent in this place.
 E = Time spent auto-exploring this place.
 F = Levels seen in this place.
 G = Mean time per level.
                   A        B        C        D        E       F      G
               +--------+--------+--------+--------+--------+-----+--------+
         Total |   2544 |   2381 |    163 |    723 |    842 |   4 |  636.0 |
       Dungeon |   2544 |   2381 |    163 |    723 |    842 |   4 |  636.0 |
               +--------+--------+--------+--------+--------+-----+--------+

Top non-repeatable levels by time:
     D:3: 1071 daAuts
     D:2: 882 daAuts
     D:1: 581 daAuts
     D:4: 8 daAuts
